 Dungeon Crawl Stone Soup version 0.21-a0-13-g3fd62ac (webtiles) character file.

44 mopl the Sneak (level 3, 0/20 HPs)
             Began as a Deep Elf Assassin on May 23, 2017.
             Slain by an adder (3 damage)
             ... on level 2 of the Dungeon.
             The game lasted 00:01:44 (1111 turns).

mopl the Sneak (Deep Elf Assassin)                  Turns: 1111, Time: 00:01:44

Health: 0/20       AC:  3    Str:  8    XL:     3   Next: 39%
Magic:  5/5        EV: 12    Int: 15    God:
Gold:   47         SH:  0    Dex: 17    Spells: 2/2 levels left

rFire    . . .     SeeInvis .   b - +0 blowgun
rCold    . . .     Gourm    .   (no shield)
rNeg     . . .     Faith    .   c - +0 robe
rPois    .         Spirit   .   (no helmet)
rElec    .         Reflect  .   d - +0 cloak
rCorr    .         Harm     .   (no gloves)
MR       .....                  (no boots)
Stlth    +++.......             (no amulet)
Regen    0.1/turn               (no ring)
MPRegen  0.1/turn               (no ring)

@: no status effects
A: no striking features
a: no special abilities


You were on level 2 of the Dungeon.
You were not hungry.

You visited 1 branch of the dungeon, and saw 2 of its levels.

You collected 47 gold pieces.

Inventory:

Hand Weapons
 a - a +2 dagger
 b - a +0 blowgun (weapon)
Missiles
 e - 13 poisoned needles (quivered)
 f - 2 curare-tipped needles
Armour
 c - a +0 robe (worn)
 d - a +0 cloak (worn)
Scrolls
 k - a scroll of enchant armour {unknown}
 l - a scroll of remove curse {unknown}
 q - a scroll of teleportation {unknown}
Potions
 h - a potion of might {unknown}
 i - a potion of heal wounds {unknown}
 j - a potion of curing {unknown}
 m - a potion of agility {unknown}
 o - a potion of berserk rage {unknown}
 p - a potion of haste {unknown}
Comestibles
 g - a bread ration
 n - 2 meat rations


   Skills:
 - Level 1.5 Fighting
 + Level 2.4 Short Blades
 + Level 2.7 Throwing
 - Level 1.2 Dodging
 * Level 5.6 Stealth


You had 2 spell levels left.
You didn't know any spells.

Dungeon Overview and Level Annotations

Branches:
Dungeon (2/15)

Altars:


Message History

Firing (i - inventory. (,) - cycle):
e - 15 poisoned needles (quivered)
Press: ? - help, Shift-Dir - straight line, f/p - adder
Aim: an adder (moderately wounded)
You shoot a poisoned needle. The poisoned needle hits the adder.
The adder is poisoned.
The adder is moderately wounded.
The adder barely misses you.
Firing (i - inventory. (,) - cycle):
e - 14 poisoned needles (quivered)
Press: ? - help, Shift-Dir - straight line, f/p - adder
Aim: an adder (moderately wounded, poisoned)
You shoot a poisoned needle. The poisoned needle hits the adder.
The adder looks even sicker.
The adder is moderately wounded.
The adder bites you. The quokka bites you. The quokka bites you.
The adder bites you.
* * * LOW HITPOINT WARNING * * *
The quokka bites you.
* * * LOW HITPOINT WARNING * * *
The adder bites you.
You die...

##(####.#.. #.......
##.......... ........
+..(........ ........
#........... .........
#†.......... .........
#.....##... ....#....
#.....# . .....#....
#...rS# ............
#....@# ##...........
###...####............
#..(.........#......
######..........#......
#...............###....
..........†......###....
........................
......).......†.........
.......#................


You could see an adder and a quokka.

Vanquished Creatures
  An adder (D:2)
  A worm (D:2)
  A dart slug (D:1)
  A leopard gecko (D:1)
  2 bats (D:1)
  3 giant cockroaches
  5 goblins
  3 hobgoblins
  2 kobolds (D:1)
  2 ball pythons (D:1)
  2 frilled lizards
  3 rats
26 creatures vanquished.

Notes
Turn   | Place    | Note
-------+----------+-------------------------------------------
     0 | D:1      | mopl the Deep Elf Assassin began the quest for the Orb.
     0 | D:1      | Reached XP level 1. HP: 12/12 MP: 3/3
   142 | D:1      | Reached skill level 5 in Stealth
   148 | D:1      | Reached XP level 2. HP: 10/16 MP: 4/4
  1023 | D:2      | Reached XP level 3. HP: 14/20 MP: 5/5
  1111 | D:2      | Slain by an adder

Vault maps used:
D:1:      minmay_arrival_semitransparent
D:2:      lemuel_round_altar, yredelemnul_forgotten_temple_becter,
          lemuel_crystal_altar, first_bread, lightli_corner_chamber,
          uniq_terence

Skill      XL: |  1 |
---------------+----+-----
Stealth        | 5 |  5.6
Fighting       | |  1.5
Short Blades   | |  2.4
Throwing       | |  2.7
Dodging        | |  1.2

Action                   || total
-------------------------++-------
Melee: Dagger            ||    69
 Fire: Blowgun           ||    31
 Stab: Sleeping          ||     7
  Eat: Chunk             ||     1
Armor: Robe              ||    23
Dodge: Dodged            ||    64
